 Dungeon Crawl Stone Soup version 0.27.0-65-ge2af304b15 (webtiles) character file.

Game seed: 18285100641123445731

85 shadowrider38 the Conjurer (level 4, -1/24 HPs)
             Began as a Deep Elf Conjurer on Aug 19, 2021.
             Killed by divine providence
             ... invoked by an orc priest
              (13 damage)
             ... on level 3 of the Dungeon.
             The game lasted 00:09:50 (2423 turns).

shadowrider38 the Conjurer (Deep Elf Conjurer)      Turns: 2423, Time: 00:09:50

Health: -1/24      AC:  3    Str:  4    XL:     4   Next: 25%
Magic:  5/10       EV: 12    Int: 24    God:
Gold:   113        SH:  0    Dex: 13    Spells: 8/9 levels left

rFire    . . .     SeeInvis .   a - +0 whip
rCold    . . .     Faith    .   (no shield)
rNeg     + . .     Spirit   .   c - +0 robe
rPois    .         Reflect  .   o - +0 helmet
rElec    .         Harm     .   (no cloak)
rCorr    .         Rampage  .   (no gloves)
Will     .....                  (no boots)
Stlth    ++........             (no amulet)
HPRegen  0.08/turn              b - ring of positive energy
MPRegen  0.12/turn              (no ring)

@: no status effects
A: no striking features
a: no special abilities


You were on level 3 of the Dungeon.
You visited 1 branch of the dungeon, and saw 3 of its levels.

You collected 113 gold pieces.

Inventory:

Hand Weapons
 a - a +0 whip (weapon)
Missiles
 g - 34 stones
 t - 13 poisoned darts
Armour
 c - a +0 robe (worn)
 o - a +0 helmet (worn)
Magical Staves
 r - a staff of air
Jewellery
 b - a ring of positive energy (left hand)
Scrolls
 d - a scroll of magic mapping {unknown}
 k - a scroll of brand weapon {unknown}
 n - 2 scrolls of identify {unknown}
 q - a scroll of acquirement {unknown}
 s - a scroll of enchant armour {unknown}
 u - a scroll of noise {unknown}
Potions
 e - a potion of heal wounds {unknown}
 f - a potion of attraction {unknown}
 h - a potion of magic {unknown}
 i - a potion of brilliance {unknown}
 j - a potion of might {unknown}
 l - a potion of curing {unknown}
 m - a potion of flight {unknown}
 p - a potion of berserk rage {unknown}


   Skills:
 - Level 2.4 Dodging
 - Level 2.4 Stealth
 - Level 3.0 Spellcasting
 + Level 6.4 Conjurations


You had 8 spell levels left.
You knew the following spells:

 Your Spells              Type           Power      Damage    Failure   Level
a - Magic Dart            Conj           100%       1d8       1%          1

Your spell library contained the following spells:

 Spells                   Type           Power      Damage    Failure   Level
 Searing Ray              Conj           68%        3d5       1%          2
 Dazzling Flash           Conj/Hex       36%        N/A       9%          3
 Blink                    Tloc           N/A        N/A       16%         2
 Fulminant Prism          Conj/Hex       9%         3d7       28%         4
 Iskenderun's Mystic Bla  Conj/Tloc      18%        2d6       28%         4
 Lesser Beckoning         Tloc           1%         N/A       32%         3
 Manifold Assault         Tloc           3%         N/A       96%         5


Dungeon Overview and Level Annotations

Branches:
Dungeon (3/15)

Altars:


Message History

You start resting.
Magic restored.
You start resting.
HP restored.
You climb downwards.
There is a stone staircase leading up here.
You see here a +0 hand axe.
Aiming: Magic Dart (safe; 1% risk of failure)
Press: ? - help, Q - select action, (/) - cycle Shift-Dir - straight line, f - orc priest
Aim: an orc priest, wielding a +0 hand axe and wearing a +0 ring mail (100% to hit)
The magic dart hits the orc priest but does no damage.
Aiming: Magic Dart (safe; 1% risk of failure)
Press: ? - help, Q - select action, (/) - cycle Shift-Dir - straight line, f/p - orc priest
Aim: an orc priest, wielding a +0 hand axe and wearing a +0 ring mail (100% to hit)
The magic dart hits the orc priest.
The orc priest is lightly wounded.
Aiming: Magic Dart (safe; 1% risk of failure)
Press: ? - help, Q - select action, (/) - cycle Shift-Dir - straight line, f/p - orc priest
Aim: an orc priest, wielding a +0 hand axe and wearing a +0 ring mail (lightly wounded, 100% to hit)
The magic dart hits the orc priest but does no damage.
The orc priest is lightly wounded.
Aiming: Magic Dart (safe; 1% risk of failure)
Press: ? - help, Q - select action, (/) - cycle Shift-Dir - straight line, f/p - orc priest
Aim: an orc priest, wielding a +0 hand axe and wearing a +0 ring mail (lightly wounded, 100% to hit)
The magic dart hits the orc priest but does no damage.
The orc priest is lightly wounded.
The orc priest miscasts a cantrip.
Aiming: Magic Dart (safe; 1% risk of failure)
Press: ? - help, Q - select action, (/) - cycle Shift-Dir - straight line, f/p - orc priest
Aim: an orc priest, wielding a +0 hand axe and wearing a +0 ring mail (lightly wounded, 100% to hit)
The magic dart hits the orc priest but does no damage.
The orc priest is lightly wounded.
The orc priest misses you.
The orc priest calls down the wrath of Beogh upon you.
Beogh smites you!
Ouch! That really hurt!
The orc priest mumbles some strange prayers to Beogh against you.
Beogh smites you!
Ouch! That really hurt!
You die...

#.# ### #o.# #.. ... #..#
#.# ..# #..# #.# #.# #..#
#.# #.####o.# #.#
#.#.oo..# #. #.#
#.#.###.#
#..#######.#####....##.#
........@.)o)).........#
.#...รท..####.###....####
##.###.# #.# #.#.## # #<#
#.# #.#.# #.# #.# #.#.#
#.# #.# #.#.# .>. ...
....# ##... ... ...
######.#


You could see an orc priest.

Vanquished Creatures
  3 adders
  A worm (D:2)
  A dart slug (D:1)
  3 orcs (D:3)
  3 bats
  5 endoplasms
  A giant cockroach (D:1)
  5 goblins
  4 hobgoblins (D:1)
  8 jackals (D:1)
  3 ball pythons
  A frilled lizard (D:1)
  4 kobolds
  5 rats
47 creatures vanquished.

Vanquished Creatures (others)
  A fungus (D:2)
  3 plants (D:2)
4 creatures vanquished.

Grand Total: 51 creatures vanquished

Notes
Turn   | Place    | Note
-------+----------+-------------------------------------------
     0 | D:1      | shadowrider38 the Deep Elf Conjurer began the quest for the
                  | Orb.
     0 | D:1      | Reached XP level 1. HP: 10/10 MP: 6/6
   326 | D:1      | Reached XP level 2. HP: 15/15 MP: 2/8
   540 | D:1      | Reached skill level 5 in Conjurations
  1109 | D:1      | Reached XP level 3. HP: 19/19 MP: 5/9
  1591 | D:2      | Reached skill level 6 in Conjurations
  2056 | D:2      | Reached XP level 4. HP: 24/24 MP: 2/10
  2127 | D:2      | Found a faded altar of an unknown god.
  2423 | D:3      | Killed from afar by an orc priest

Illustrated notes

Levels and vault maps discovered:
D:1:      ebering_trefoil_3fold, layout_loops_ring,
          chequers_serial_rivers_small_3
D:2:      layout_rooms, dreamdust_ecumenical_altar_grove, minmay_pentomino_pile
D:3:      layout_loops_ring

Skill      XL: |  1  2  3 |
---------------+----------+-----
Conjurations   | 5 6 |  6.4
Dodging        | |  2.4
Stealth        | |  2.4
Spellcasting   | |  3.0

Action                   |  1- 3 |  4- 6 || total
-------------------------+-------+-------++-------
Melee: Unarmed           |    19 |       ||    19
 Cast: Magic Dart        |    90 |    15 ||   105
Armor: Robe              |     7 |       ||     7
Dodge: Dodged            |    21 |     2 ||    23
